 Dungeon Crawl Stone Soup version 0.31-a0-233-g139696dc86 (webtiles) character file.

Game seed: 2596949178530773034

88 qw the Shooter (level 4, -2/36 HPs)
             Began as a Minotaur Hexslinger on July 8, 2023.
             Slain by a gnoll
             ... wielding a +0 halberd
              (11 damage)
             ... on level 2 of the Dungeon.
             The game lasted 00:00:39 (1221 turns).

qw the Shooter (Minotaur Hexslinger)                Turns: 1221, Time: 00:00:40

Health: -2/36      AC:  2    Str: 12    XL:     4   Next: 30%
Magic:  4/4        EV: 12    Int: 10    God:
Gold:   80         SH:  0    Dex: 15    Spells: 4/5 levels left

rFire   . . .        Y - +1 sling
rCold   . . .        (no shield)
rNeg    . . .        c - +0 robe
rPois   .            (helmet restricted)
rElec   .            (no cloak)
rCorr   .            (no gloves)
SInv    .            (no boots)
Will    .....        (no amulet)
Stlth   +            (no ring)
HPRegen 0.26/turn    (no ring)
MPRegen 0.09/turn

%: no passive effects
@: about to teleport
A: horns 2, retaliatory headbutt
a: no special abilities


You were on level 2 of the Dungeon.
You visited 1 branch of the dungeon, and saw 2 of its levels.

You collected 80 gold pieces.


Innate Abilities, Weirdness & Mutations

You have a pair of horns on your head.
You reflexively headbutt those who attack you in melee.


   Skills:
 - Level 2.0 Fighting
 + Level 4.8 Ranged Weapons
 - Level 2.1 Dodging
 - Level 1.0 Spellcasting
 - Level 2.0 Hexes


You had 4 spell levels left.
You knew the following spells:

 Your Spells              Type           Power      Damage    Failure   Level
a - Slow                  Hex            16%        N/A       16%         1

Your spell library contained the following spells:

 Spells                   Type           Power      Damage    Failure   Level
 Inner Flame              Hex/Fire       2%         N/A       56%         3
 Portal Projectile        Hex/Tloc       4%         N/A       56%         3
 Cause Fear               Hex            2%         N/A       83%         4

Inventory:

Hand Weapons
 Y - a +1 sling (weapon)
Armour
 c - a +0 robe (worn)
 g - a +0 leather armour
Scrolls
 a - 2 scrolls of identify
 i - a scroll of enchant weapon {unknown}
 k - a scroll of enchant armour
 l - 3 scrolls of blinking {unknown}
Potions
 d - a potion of mutation
 e - a potion of curing {unknown}
 f - a potion of brilliance {unknown}
 h - a potion of cancellation
 j - a potion of heal wounds {unknown}

Dungeon Overview and Level Annotations

Branches:
Dungeon (2/15)

Altars:

Shops:
D:2 :

Annotations:
D:2 exclusion: gnoll


Message History

Enter note:
Enter note: As you open the door, it creaks loudly!
A gnoll and 2 jackals come into view.
The jackal barks!
The gnoll shouts!
Enter note:
Enter note:
Enter note:
Enter note:
Enter note:
Enter note:
Enter note:
Enter note: You shoot a sling bullet.
The sling bullet barely misses the jackal.
The sling bullet hits the jackal.
You kill the jackal!
The jackal barely misses you.
You shoot a sling bullet. The sling bullet hits the jackal!
You kill the jackal!
The gnoll hits you from afar with a +0 halberd!
You shoot a sling bullet. The sling bullet hits the gnoll.
The gnoll is heavily wounded.
The gnoll hits you from afar with a +0 halberd.
You shoot a sling bullet.
The sling bullet closely misses the gnoll.
The gnoll hits you from afar with a +0 halberd!
Enter note:
Enter note:
Enter note:
Enter note:
Enter note:
Enter note:
Enter note:
Enter note:
1221 ||| READING scroll of teleportation.
As you read the scroll of teleportation, it crumbles to dust.
You feel strangely unstable.
The gnoll hits you from afar with a +0 halberd!
You die...

...# #...#....#
#.# #.#.# #..
...# ##'##....#
#.# #.#.####..
...# #.##:...#
#.# ..#.......
...# #.##....#
#.# ########
...#
#.##....#####.#
...#
#..'.......# ##
...#
####....#..#
..# ####
#......P#...#
#......@'g..#
#....#.P#+#+#
#....#..#
######..# ####


You could see a gnoll.

Vanquished Creatures
  3 adders (D:2)
  3 dart slugs
  3 ball pythons (D:1)
  4 endoplasms
  2 giant cockroaches
  6 goblins
  4 hobgoblins (D:1)
  8 jackals
  4 quokkas
  4 bats
  3 frilled lizards (D:1)
  2 kobolds
  5 rats
51 creatures vanquished.

Notes
Turn   | Place    | Note
-------+----------+-------------------------------------------
     0 | D:1      | qw the Minotaur Hexslinger began the quest for the Orb.
     0 | D:1      | Reached XP level 1. HP: 16/16 MP: 1/1
     0 | D:1      | 0 ||| qw: Version: 0.3-a-46-gb1f654a
     0 | D:1      | 0 ||| qw: Game counter: 3629
     0 | D:1      | 0 ||| qw: Melee chars always use a shield: true
     0 | D:1      | 0 ||| qw: God list: Okawaru
     0 | D:1      | 0 ||| qw: Allow faded altars: false
     0 | D:1      | 0 ||| qw: Do Orc after clearing Dungeon:15 true
     0 | D:1      | 0 ||| qw: Do second Lair branch before Depths: true
     0 | D:1      | 0 ||| qw: Lair rune preference: random
     0 | D:1      | 0 ||| qw: Goals: Normal
     0 | D:1      | 0 ||| PLANNING D:1-11
    34 | D:1      | 34 ||| DROPPING scroll of poison.
    97 | D:1      | HP: 3/16 [hobgoblin (3)]
   100 | D:1      | Reached skill level 3 in Ranged Weapons
   114 | D:1      | 114 ||| FLEEEEING.
   115 | D:1      | 115 ||| FLEEEEING.
   170 | D:1      | Reached XP level 2. HP: 23/23 MP: 2/2
   436 | D:1      | Reached XP level 3. HP: 29/29 MP: 3/3
   573 | D:1      | 573 ||| READING 3 scrolls labelled IFFAKI ROFOSKO.
   574 | D:1      | 574 ||| READING scroll labelled KOICHI VAMAUR.
   577 | D:1      | 577 ||| READING scroll labelled BUMAG IFEWK.
   578 | D:1      | 578 ||| READING scroll labelled OSIOPP FAQ GUP.
   579 | D:1      | 579 ||| READING 2 scrolls labelled TOTOPS LUHAU.
   580 | D:1      | 580 ||| READING scroll labelled FIOFECI NAOPS.
   581 | D:1      | 581 ||| DRINKING 2 murky purple potions.
   582 | D:1      | 582 ||| READING 2 scrolls of identify.
   582 | D:1      | 582 ||| IDENTIFYING fuming ruby potion
   668 | D:2      | Reached skill level 4 in Ranged Weapons
  1009 | D:2      | Reached XP level 4. HP: 34/36 MP: 4/4
  1018 | D:2      | Identified the +4 whip "Zojick" {distort, Int-4 Dex+6}
  1038 | D:2      | Noticed a walking divine tome
  1039 | D:2      | Found Tanoqu's Book Boutique.
  1043 | D:2      | Noticed a walking earthen tome
  1220 | D:2      | HP: 9/36 [gnoll/+0 halberd (12)]
  1221 | D:2      | 1221 ||| READING scroll of teleportation.
  1221 | D:2      | Slain by a gnoll

Levels and vault maps discovered:
D:1:      minmay_arrival_stone_box, layout_rooms, minmay_hexomino_f4
D:2:      layout_basic, serial_shops, nicolae_shop_mannequins,
          cheibrodos_gnoll_hut

Skill      XL: |  1  2  3 |
---------------+----------+-----
Ranged Weapons | 3 4 |  4.8
Fighting       | 2 |  2.0
Dodging        | |  2.1
Spellcasting   | |  1.0
Hexes          | |  2.0

Action                     |  1- 3 |  4- 6 || total
---------------------------+-------+-------++-------
   Fire: Sling             |   121 |    34 ||   155
    Use: Scroll            |     7 |     1 ||     8
         Potion            |     1 |       ||     1
 Armour: Robe              |     9 |     5 ||    14
  Dodge: Dodged            |    58 |     7 ||    65

Table legend:
 A = Non-vault XP
 B = Vault XP
 C = Vault XP percentage of total XP
 D = Non-vault monster count
 E = Vault monster count
 F = Vault count percentage of total count
                 A         B        C        D         E       F
            +---------+---------+-------+---------+---------+-------
      Total |     114 |      13 |  10.2 |      45 |       6 |  11.8
            +---------+---------+-------+---------+---------+-------
        D:1 |      44 |       9 |  17.0 |      25 |       4 |  13.8
        D:2 |      70 |       4 |   5.4 |      20 |       2 |   9.1
            +---------+---------+-------+---------+---------+-------
